AoeStats
← Carba.

Yucatan

510418550Analyzed
3v3 RM · 3d ago on Sep 30, 2026· 74m 45s· 6 players
Game mode
Random Map
Map size
Normal (6 player)
Population
200
Speed
Normal
Resources
Standard
Victory
Conquest
Starting age
Dark Age
Ending age
Imperial Age
RankedLock teamsTeams togetherTeam positionsShared explorationLock speedFull tech treeHidden civsTurbo modeCheats
Victory
Defeat
🇪🇸 Khmer · Spain
791
+15
🇪🇸 Danes · Spain
790
+15
🇹🇷 Poles · Türkiye
783
+15
🇪🇸 Huns · Spain
862
-18
🇪🇸 Tatars · Spain
831
-18
🇪🇸 Spanish · Spain
614
-9
DrMantisToboggan
11:22 Feudal Age
9:39 Loom
11:51 Double-Bit Axe
15:26 Stone Mining
18:29 Castle Age
16:22 Gold Mining
19:01 Horse Collar
19:32 Bow Saw
20:46 Heavy Plow
22:18 Gold Shaft Mining
24:44 Pikeman
26:05 Forging
25:55 Scale Mail Armor
26:39 Squires
35:40 Imperial Age
34:19 Iron Casting
33:49 Scale Barding Armor
33:57 Scale Barding Armor
35:46 Wheelbarrow
36:15 Caravan
37:09 Bloodlines
37:00 Husbandry
37:29 Elite Tarkan
39:33 Two-Man Saw
42:14 Conscription
41:59 Marauders
42:24 Conscription
43:00 Hand Cart
44:40 Blast Furnace
44:00 Chain Barding Armor
49:05 Plate Barding Armor
50:51 Fletching
Kevin30N
11:35 Feudal Age
9:51 Loom
13:41 Wheelbarrow
17:19 Double-Bit Axe
20:55 Castle Age
19:17 Horse Collar
24:09 Fletching
24:20 Padded Archer Armor
25:50 Bow Saw
25:43 Heavy Plow
26:14 Bodkin Arrow
26:34 Leather Archer Armor
26:34 Pikeman
27:15 Squires
40:14 Imperial Age
38:00 Hand Cart
37:51 Gold Mining
37:52 Stone Mining
39:43 Bloodlines
39:33 Husbandry
40:57 Capped Ram
43:52 Chemistry
43:08 Scale Barding Armor
45:37 Ring Archer Armor
45:07 Bracer
45:28 Chain Barding Armor
46:58 Heavy Cavalry Archer
49:03 Plate Barding Armor
49:38 Elite Keshik
Carba.
13:53 Feudal Age
15:12 Wheelbarrow
16:41 Double-Bit Axe
16:54 Gold Mining
18:03 Fishing Lines
19:05 Stone Mining
19:16 Horse Collar
26:45 Castle Age
26:55 Forging
26:38 Fletching
26:50 Scale Mail Armor
27:02 Scale Barding Armor
29:14 Bow Saw
29:08 Heavy Plow
28:51 Pikeman
29:32 Squires
29:19 Gambesons
31:57 Hand Cart
33:21 Padded Archer Armor
33:14 Fletching
35:20 Iron Casting
35:06 Chain Barding Armor
36:12 Stone Shaft Mining
38:20 Bodkin Arrow
38:51 Ballistics
39:37 Leather Archer Armor
44:58 Imperial Age
47:31 Conscription
46:32 Elite Conquistador
48:27 Chemistry
47:34 Siphons
53:49 Blast Furnace
52:49 Bracer
53:20 Ring Archer Armor
53:25 Plate Barding Armor
miniopepotes98
13:33 Feudal Age
14:35 Double-Bit Axe
18:53 Castle Age
20:36 Bloodlines
24:50 Wheelbarrow
29:41 Imperial Age
27:50 Horse Collar
29:13 Bow Saw
30:26 Heavy Plow
34:40 Crop Rotation
35:22 Tusk Swords
37:53 Hand Cart
38:41 Gold Mining
42:08 Gold Shaft Mining
43:14 Double Crossbow
43:37 Scale Barding Armor
44:14 Forging
44:47 Chain Barding Armor
44:31 Light Cavalry
46:47 Iron Casting
46:48 Plate Barding Armor
45:41 Hussar
49:01 Blast Furnace
49:23 Conscription
49:24 Loom
52:19 Husbandry
58:29 Elite Ballista Elephant
22cmdeamor
11:37 Feudal Age
13:22 Horse Collar
15:14 Arson
14:53 Man-at-Arms
17:04 Loom
21:28 Castle Age
20:18 Double-Bit Axe
20:26 Gold Mining
22:32 Heavy Plow
23:16 Stone Mining
25:27 Stone Shaft Mining
26:12 Wheelbarrow
28:41 Hand Cart
29:44 Gold Shaft Mining
29:17 Squires
29:02 Gambesons
35:15 Imperial Age
33:02 Forging
32:52 Scale Mail Armor
35:25 Hamask
36:26 Conscription
35:52 Elite Varangian Guard
36:50 Bow Saw
41:06 Iron Casting
40:47 Chain Mail Armor
45:42 Pikeman
47:25 Blast Furnace
46:31 Halberdier
46:49 Halberdier
49:06 Plate Mail Armor
50:18 Caravan
51:37 Capped Ram
54:23 Northmen's Fury
57:02 Elite Jomsviking
63:23 Fletching
67:25 Ballistics
68:05 Chemistry
70:33 Town Watch
71:04 Masonry
70:59 Siege Engineers
71:05 Clinker Construction
70:51 Murder Holes
71:06 Careening
71:17 Shipwright
70:47 Guard Tower
70:48 Heated Shot
70:43 Arrowslits
71:52 Siege Ram
Börü 𐰋𐰇𐰼𐰇
0:32 Loom
8:45 Loom
12:16 Feudal Age
14:47 Scale Barding Armor
14:57 Double-Bit Axe
21:07 Castle Age
19:32 Bloodlines
19:47 Horse Collar
20:19 Stone Mining
22:05 Bow Saw
21:29 Light Cavalry
25:24 Wheelbarrow
25:20 Husbandry
29:45 Heavy Plow
30:04 Hand Cart
32:01 Chain Barding Armor
31:52 Forging
31:42 Scale Mail Armor
32:41 Szlachta Privileges
35:58 Imperial Age
33:14 Town Watch
34:39 Iron Casting
33:30 Pikeman
34:14 Squires
35:30 Ballistics
35:08 Murder Holes
34:53 Treadmill Crane
36:30 Fortified Wall
36:33 Gold Mining
37:45 Chemistry
36:21 Winged Hussar
38:15 Stone Shaft Mining
38:08 Conscription
38:28 Fletching
39:40 Blast Furnace
38:55 Chain Mail Armor
39:14 Elite Obuch
41:35 Chain Mail Armor
42:00 Caravan
46:46 Lechitic Legacy
47:54 Plate Mail Armor
46:57 Elite Skirmisher
68:53 Cavalier
72:47 Town Patrol
73:14 Bombard Tower
72:44 Guard Tower
73:01 Siege Engineers
73:06 Masonry
72:42 Arrowslits
74:32 Spies/Treason
Connection lost

Rejoining the realm…

Still unreachable

The connection could not be restored.

Session expired

The server has moved on; the page needs a fresh start.